Map: Blackpink LE

Players

Ryung - Winner!

  • Race: Terran Terran
  • Spawn Location: 7:00

Mamba

  • Race: Zerg Zerg
  • Spawn Location: 1:00

Event: IEM Season 12 - Katowice

VOD

Have the link to the VOD?

Description

Time

  • Played on: Feb. 26, 2018, 4:31 a.m.
  • Length: 11:38

All games in this series

Show
View Real Time Build Order
Export as new Build Order

Ryung Terran - Winner!

Build Orders: Gas First Reaper Expand, Reaper Expand, Hellion Banshee, Mech 

Get SALT Encoding   

  12  0:01  SCV  
  13  0:13  SCV  
  14  0:17  Supply Depot  
  14  0:25  SCV  
  15  0:31  Refinery  
  15  0:39  SCV  
  16  0:44  Barracks  
  16  0:51  SCV  
  17  1:03  SCV  
  18  1:15  SCV  
  19  1:30  Orbital Command  
  19  1:31  Reaper  
  20  1:41  Command Center  
  20  1:52  Factory  
  20  1:56  SCV  
  21  2:08  Barracks Reactor  
  21  2:09  SCV  
  21  2:13  Supply Depot  
  22  2:19  Refinery  
  22  2:21  SCV  
  23  2:35  SCV  
  24  2:46  Starport  
  24  2:47  SCV  
  24  2:51  Hellion x2  
  29  2:52  Barracks Tech Lab  
  29  2:57  Orbital Command  
  29  2:59  SCV  
  30  3:11  SCV  
  30  3:12  Hellion x2  
  35  3:23  SCV x2  
  37  3:27  Viking  
  37  3:33  Supply Depot  
  39  3:35  SCV x2  
  41  3:44  Hellion x2  
  41  3:47  SCV  
  41  3:48  Cloaking Field  
  46  3:55  SCV  
  47  3:56  Supply Depot  
  47  3:59  Banshee  
  49  4:12  SCV x2  
  49  4:13  Hellion x2  
  47  4:26  Command Center  
  47  4:27  SCV x2  
  49  4:39  SCV x2  
  49  4:41  Banshee  
  49  4:42  Supply Depot  
  54  4:47  Refinery  
  54  4:48  Refinery  
  54  4:51  SCV x2  
  60  4:53  Hellion x2  
  60  5:03  SCV x2  
  62  5:11  Liberator, Armory x2  
  62  5:15  SCV  
  63  5:26  SCV  
  63  5:27  SCV  
  65  5:35  Barracks Tech Lab  
  68  5:39  SCV  
  68  5:40  Orbital Command  
  68  5:41  SCV  
  70  5:43  Factory  
  70  5:45  Factory  
  70  5:47  Hellion x2  
  74  5:54  Supply Depot  
  74  5:58  SCV x2  
  74  5:59  Supply Depot  
  74  6:00  Terran Vehicle And Ship Armor Level 1, Terran Vehicle Weapons Level 1  
  74  6:03  Orbital Command  
  76  6:07  Barracks Reactor  
  76  6:11  SCV  
  76  6:12  SCV  
  78  6:21  Hellion x2  
  78  6:22  Supply Depot  
  78  6:23  Supply Depot  
  78  6:24  SCV x2  
  84  6:30  SCV  
  85  6:37  Thor x2  
  97  6:42  SCV x2  
  97  6:43  SCV, Refinery  
  97  6:45  Refinery  
  100  6:51  Medivac  
  100  6:52  Medivac  
  104  6:54  SCV  
  104  6:55  SCV  
  104  6:58  Supply Depot  
  104  7:00  Supply Depot  
  106  7:05  SCV  
  106  7:07  SCV x2  
  109  7:18  Hellion  
  109  7:19  SCV  
  109  7:20  Siege Tank x2, Command Center  
  109  7:21  SCV  
  117  7:25  Hellion  
  119  7:30  SCV  
  119  7:32  SCV  
  119  7:34  Engineering Bay  
  119  7:36  SCV  
  122  7:38  Supply Depot  
  122  7:41  Factory  
  122  7:42  SCV  
  122  7:43  Factory  
  122  7:44  SCV  
  124  7:48  SCV  
  125  7:52  Hellion  
  125  7:53  Hellion  
  125  7:54  SCV  
  125  7:56  SCV  
  125  7:57  Terran Vehicle Weapons Level 2  
  131  8:00  Siege Tank x2  
  131  8:05  SCV  
  138  8:06  Terran Vehicle And Ship Armor Level 2, SCV  
  138  8:08  SCV  
  140  8:17  SCV  
  140  8:19  Supply Depot x2  
  141  8:20  Supply Depot  
  141  8:28  Hellion  
  141  8:32  Hellion, Siege Tank  
  141  8:33  Factory Tech Lab, Factory Reactor  
  146  8:40  Siege Tank  
  143  8:53  Hellion x2, Siege Tank  
  150  8:58  SCV x3  
  153  9:03  Viking  
  153  9:04  Siege Tank  
  158  9:12  Refinery  
  158  9:13  Hellion x2, Siege Tank  
  158  9:15  Hellion, Refinery  
  167  9:24  Planetary Fortress  
  167  9:25  Siege Tank  
  170  9:37  Siege Tank  
  170  9:38  Hellion x3  
  179  9:44  Supply Depot x2  
  179  9:52  Command Center  
  179  10:05  Hellion, Siege Tank x2  
  179  10:06  Hellion x2  
  191  10:09  Siege Tank  
  194  10:15  Factory  
  194  10:16  Factory  
  194  10:17  Factory  
  186  10:37  Siege Tank  
  186  10:38  Siege Tank  
  186  10:39  Hellion x2  
  186  10:42  Hellion  
  196  10:43  Hellion  
  196  10:44  Siege Tank  
  179  11:00  Hellion x2  
  171  11:04  Hellion  
  171  11:05  Hellion  
  173  11:12  Factory Tech Lab x2  
  175  11:27  Factory Reactor  
  175  11:31  Refinery  
Show
View Real Time Build Order
Export as new Build Order

Mamba Zerg 

Build Orders: Hatch First, Swarm Host 

Get SALT Encoding   

  12  0:00  Drone  
  13  0:12  Overlord  
  13  0:17  Drone  
  14  0:31  Drone x2  
  14  0:34  Drone  
  17  0:51  Hatchery  
  17  0:55  Drone  
  17  0:58  Drone  
  18  1:05  Extractor  
  17  1:13  Spawning Pool  
  17  1:16  Drone  
  17  1:20  Drone  
  18  1:29  Drone  
  19  1:40  Overlord  
  19  2:00  Queen  
  19  2:01  Zergling x4  
  23  2:02  Queen  
  23  2:04  Drone  
  23  2:06  Metabolic Boost  
  26  2:15  Drone x2  
  28  2:25  Drone x2  
  30  2:35  Queen  
  32  2:39  Drone x2  
  32  2:42  Queen  
  36  2:47  Overlord  
  36  2:50  Overlord  
  36  3:06  Drone x3  
  36  3:08  Drone x3  
  42  3:14  Drone x4  
  46  3:25  Drone x2  
  48  3:29  Hatchery  
  47  3:41  Overlord  
  46  3:45  Queen x2  
  50  3:51  Roach Warren  
  50  3:53  Drone x3  
  52  3:56  Overlord x2  
  52  3:57  Extractor  
  51  4:05  Zergling x8  
  51  4:08  Drone  
  53  4:10  Drone  
  53  4:16  Drone x3  
  53  4:17  Drone  
  52  4:21  Drone  
  48  4:27  Drone x4  
  52  4:38  Drone  
  52  4:39  Drone  
  54  4:46  Drone  
  55  5:00  Drone x4  
  55  5:03  Spore Crawler  
  55  5:04  Extractor  
  55  5:06  Spore Crawler, Lair  
  56  5:07  Drone x4  
  56  5:12  Drone x4  
  56  5:14  Drone  
  65  5:16  Spore Crawler  
  65  5:19  Drone  
  62  5:29  Drone x4  
  62  5:34  Drone x2  
  64  5:36  Drone  
  65  5:43  Overlord x4  
  65  5:47  Overlord x2  
  65  5:50  Overlord  
  65  5:54  Evolution Chamber  
  64  6:01  Evolution Chamber  
  64  6:03  Roach x4  
  71  6:07  Drone x3  
  71  6:08  Drone  
  71  6:10  Glial Reconstitution  
  75  6:18  Drone x5  
  80  6:23  Zerg Missile Weapons Level 1  
  80  6:26  Infestation Pit  
  80  6:28  Zerg Ground Armor Level 1  
  78  6:33  Drone x5  
  78  6:35  Extractor  
  78  6:36  Drone  
  78  6:37  Extractor  
  78  6:38  Ravager x3  
  85  6:44  Roach x3  
  91  6:47  Overlord  
  91  6:51  Drone x3  
  91  6:53  Overlord  
  94  6:58  Overseer  
  94  6:59  Overlord  
  94  7:00  Overlord  
  94  7:04  Drone x5  
  94  7:07  Extractor  
  98  7:10  Drone x2  
  98  7:14  Roach x3  
  95  7:28  Drone x2  
  95  7:29  Drone x3  
  100  7:35  Swarm Host x4  
  112  7:48  Swarm Host  
  112  7:49  Swarm Host x2  
  119  8:02  Queen  
  121  8:07  Swarm Host x4  
  121  8:09  Hatchery  
  128  8:17  Roach x5  
  135  8:21  Roach x2  
  132  8:30  Swarm Host  
  132  8:33  Overseer  
  133  8:36  Overlord  
  133  8:41  Roach x3  
  137  8:48  Drone x3  
  137  8:49  Drone  
  137  8:50  Queen  
  142  8:58  Roach x9  
  142  9:01  Overlord  
  160  9:08  Overlord x2  
  160  9:11  Zerg Missile Weapons Level 2  
  160  9:15  Overlord x2  
  160  9:30  Drone x8  
  168  9:31  Queen  
  170  9:40  Ravager  
  170  9:41  Ravager x3  
  174  9:47  Roach x5  
  182  10:00  Hive  
  182  10:04  Spine Crawler x2, Extractor  
  179  10:07  Swarm Host x2  
  179  10:08  Extractor  
  184  10:15  Overseer  
  184  10:26  Spire  
  183  10:41  Roach  
  183  10:42  Roach x12  
  183  11:01  Hatchery  
  160  11:06  Roach  
  160  11:07  Roach x14  
  160  11:11  Hatchery  
  151  11:17  Roach x3  

Tags
 
Add a new tag
Caveats
  • Supply blocks, unpowered buildings, or Contaminate may cause inaccurate times.
  • Supply counts are checked every 10 seconds.